AoeStats
← jcdanzig

Arena

505577017Analyzed
2v2 RM · 23d ago on Sep 10, 2026· 35m 47s· 4 players
Game mode
Random Map
Map size
Medium (4 player)
Population
200
Speed
Normal
Resources
Standard
Victory
Conquest
Starting age
Dark Age
Ending age
Imperial Age
RankedLock teamsTeams togetherTeam positionsShared explorationLock speedFull tech treeHidden civsTurbo modeCheats
Victory
Defeat
🇨🇱 Magyars · Chile
2056
+2
🇦🇺 Tatars · Australia
1957
+3
🇨🇴 Berbers · Colombia
1620
-3
🇨🇴 Wu · Colombia
1570
-2
STORM | Noszombie
10:30 Feudal Age
14:17 Castle Age
12:20 Double-Bit Axe
12:35 Horse Collar
16:19 Bow Saw
22:05 Heavy Plow
23:21 Wheelbarrow
23:21 Stone Mining
23:30 Loom
23:30 Town Watch
24:37 Hand Cart
26:10 Treadmill Crane
29:11 Imperial Age
27:06 Scale Barding Armor
27:01 Gold Mining
27:43 Forging
28:26 Chain Barding Armor
29:47 Iron Casting
29:24 Bloodlines
29:15 Husbandry
29:22 Capped Ram
30:42 Plate Barding Armor
29:59 Elite Keshik
31:02 Conscription
31:28 Crop Rotation
30:27 Siege Ram
33:06 Iron Casting
32:21 Fletching
34:15 Ballistics
34:06 Masonry
33:50 Fletching
35:01 Blast Furnace
36:08 Guilds
jcdanzig
8:04 Feudal Age
10:14 Loom
16:19 Fletching
23:22 Castle Age
22:37 Double-Bit Axe
25:02 Wheelbarrow
25:38 Bow Saw
25:34 Horse Collar
35:03 Imperial Age
33:43 Hand Cart
33:34 Stone Mining
33:49 Gold Mining
VLC | _Sr Mike_
5:05 Loom
10:44 Feudal Age
15:08 Castle Age
13:12 Double-Bit Axe
13:07 Horse Collar
14:07 Gold Mining
16:28 Bow Saw
17:15 Loom
19:19 Stone Mining
20:57 Town Watch
24:49 Stone Shaft Mining
25:09 Wheelbarrow
28:37 Imperial Age
26:50 Hand Cart
26:58 Fletching
28:19 Bodkin Arrow
29:22 Bracer
30:18 Kasbah
31:55 Chemistry
30:56 Padded Archer Armor
31:47 Bloodlines
33:25 Heavy Camel Rider
35:45 Forging
VLC | Raconteur
10:16 Feudal Age
9:18 Loom
19:32 Castle Age
20:19 Double-Bit Axe
20:49 Fletching
21:27 Padded Archer Armor
21:29 Bodkin Arrow
22:48 Horse Collar
23:54 Heavy Plow
25:30 Wheelbarrow
26:44 Stone Mining
27:17 Gold Mining
29:09 Hand Cart
29:31 Bow Saw
33:19 Imperial Age
32:00 Ballistics
31:41 Padded Archer Armor
32:47 Leather Archer Armor
34:01 Bracer
35:31 Chemistry
Connection lost

Rejoining the realm…

Still unreachable

The connection could not be restored.

Session expired

The server has moved on; the page needs a fresh start.